 Dungeon Crawl Stone Soup version 0.20.1-1-g8b1a95d (webtiles) character file.

283 Inchmeat the Charmwright (level 6, 0/46 HPs)
             Began as a Barachi Skald on July 27, 2017.
             Slain by a hungry ghost (2 damage)
             ... on level 4 of the Dungeon.
             The game lasted 00:09:50 (3918 turns).

Inchmeat the Charmwright (Barachi Skald)            Turns: 3918, Time: 00:09:51

Health: 0/46       AC:  4    Str: 14    XL:     6   Next: 28%
Magic:  9/9        EV: 11    Int: 13    God:
Gold:   209        SH:  0    Dex: 12    Spells: 1/9 levels left

rFire    + + .     SeeInvis .   o - +0 long sword
rCold    + . .     Gourm    .   (no shield)
rNeg     . . .     Faith    .   b - +0 leather armour
rPois    +         Spirit   .   (no helmet)
rElec    +         Reflect  .   (no cloak)
rCorr    +         Harm     .   m - +0 pair of gloves
MR       .....                  (no boots)
Stlth    +.........             (no amulet)
Regen    0.2/turn               r - ring of protection from fire
MPRegen  0.2/turn               (no ring)

@: resistant, can't hop, flying, hasted, heavily drained, quick
A: +LOS, swims, slowness 1, strong legs 1
a: Hop


You were on level 4 of the Dungeon.
You were not hungry.

You visited 1 branch of the dungeon, and saw 4 of its levels.

You collected 209 gold pieces.

Inventory:

Hand Weapons
 a - a +0 falchion
 o - a +0 long sword (weapon)
Armour
 b - a +0 leather armour (worn)
 m - a +0 pair of gloves (worn)
Jewellery
 r - a ring of protection from fire (left hand)
Wands
 t - a wand of confusion (16/48)
Scrolls
 g - a scroll of teleportation {unknown}
 j - a scroll of amnesia {unknown}
 p - a scroll of noise {unknown}
Potions
 e - a potion of brilliance
Books
 c - a book of Battle

   Spells                             Type                      Level
   a - Infusion                       Charms                       1
   b - Shroud of Golubria             Charms/Translocation         2
   c - Song of Slaying                Charms                       2
   d - Spectral Weapon                Hexes/Charms                 3
   e - Regeneration                   Charms/Necromancy            3
Comestibles
 d - 2 bread rations
 q - 3 fruits


   Skills:
 - Level 2.4(0.9) Fighting
 + Level 5.3(3.6) Long Blades
 - Level 1.2(0.0) Armour
 - Level 2.1(0.6) Dodging
 - Level 2.1(0.6) Spellcasting
 * Level 5.9(4.2) Charms
 - Level 1.0(0.0) Translocations


You had one spell level left.
You knew the following spells:

 Your Spells              Type           Power        Failure   Level  Hunger
a - Infusion              Chrm           ##..         7%          1    ##.....
b - Shroud of Golubria    Chrm/Tloc      #.........   24%         2    ###....
c - Regeneration          Chrm/Necr      #.........   43%         3    ####...
d - Song of Slaying       Chrm           ##......     10%         2    ###....


Dungeon Overview and Level Annotations

Branches:
Dungeon (4/15)
 Temple: D:4-7

Altars:
Yredelemnul

Annotations:
D:4 Pikel


Innate Abilities, Weirdness & Mutations

Shadows flee at your approach. (+LOS)
You can swim through water.
You cover ground slowly.
You can hop short distances.


Message History

You are ready to hop once more.
You hear a shout!
You hear a bark!
You're too hungry.
You hit the hungry ghost but do no damage.
The hungry ghost is moderately damaged.
The hungry ghost hits you.
You feel somewhat more hungry.
Okay, then.
You eat one of the 3 bread rations.
That bread ration really hit the spot!
The hungry ghost hits you.
* * * LOW HITPOINT WARNING * * *
You feel a lot more hungry.
Hop to where?
Press: ? - help, Dir - move target cursor Boing!
The hungry ghost hits you.
* * * LOW HITPOINT WARNING * * *
You feel a lot more hungry.
Pikel rages.
You feel as though your hastened speed will last longer.
The hungry ghost hits you.
You die...

# #### ####. #.. ....
#.# #. #.#######.# #.
#.........# #.
#..#....W.##### #.#
#..######.#.@.# # #..
##......#.#.#W#K# ..
'>.....#...#ยง#p# ##.
#......#########
...###.........#
.....'.........#
....##.........#
.....#)........####..
...#.#..###..........


You could see a hungry ghost and a slave.

Vanquished Creatures
  A howler monkey (D:4)
  Ijyb (D:4)
  2 orc wizards (D:4)
  10 adders
  2 dart slugs (D:2)
  6 leopard geckos
  4 orcs (D:4)
  7 bats
  3 giant cockroaches
  6 hobgoblins
  3 jackals (D:2)
  A quokka (D:3)
  3 frilled lizards
  9 goblins
  6 kobolds
  5 rats
69 creatures vanquished.

Notes
Turn   | Place    | Note
-------+----------+-------------------------------------------
     0 | D:1      | Inchmeat the Barachi Skald began the quest for the Orb.
     0 | D:1      | Reached XP level 1. HP: 17/17 MP: 3/3
   360 | D:1      | Reached XP level 2. HP: 16/23 MP: 5/5
   456 | D:1      | Learned a level 2 spell: Shroud of Golubria
   765 | D:2      | Reached XP level 3. HP: 16/28 MP: 1/6
   958 | D:2      | Reached skill level 1 in Translocations
  1520 | D:2      | Reached XP level 4. HP: 32/34 MP: 2/7
  1532 | D:2      | Found a basalt altar of Yredelemnul.
  1841 | D:3      | Learned a level 3 spell: Regeneration
  2304 | D:3      | Reached skill level 5 in Charms
  2812 | D:3      | Reached XP level 5. HP: 28/39 MP: 8/8
  2816 | D:3      | Learned a level 2 spell: Song of Slaying
  3606 | D:4      | Noticed Ijyb
  3656 | D:4      | Killed Ijyb
  3656 | D:4      | Reached skill level 5 in Long Blades
  3656 | D:4      | Reached XP level 6. HP: 31/46 MP: 3/9
  3839 | D:4      | Noticed a hungry ghost
  3869 | D:4      | Paralysed by fainting for 12 turns
  3897 | D:4      | Noticed Pikel
  3899 | D:4      | Noticed a slave
  3902 | D:4      | Noticed a slave
  3916 | D:4      | HP: 2/46 [hungry ghost (1)]
  3918 | D:4      | Slain by a hungry ghost

Skill      XL: |  1  2  3  4  5 |
---------------+----------------+-----
Charms         | 4 5 |  5.9
Translocations | 1 |  1.0
Long Blades    | 3 5 |  5.3
Fighting       | |  2.4
Armour         | |  1.2
Dodging        | |  2.1
Spellcasting   | |  2.1

Action                   |  1- 3 |  4- 6 || total
-------------------------+-------+-------++-------
Melee: Falchion          |    78 |    49 ||   127
       Long sword        |       |   137 ||   137
 Cast: Infusion          |    15 |    13 ||    28
       Shroud of Golubri |       |     4 ||     4
 Abil: Hop               |       |     2 ||     2
  Use: Scroll            |     1 |       ||     1
       Potion            |       |     7 ||     7
 Stab: Sleeping          |     1 |       ||     1
  Eat: Chunk             |     3 |    10 ||    13
       Bread ration      |       |     2 ||     2
       Meat ration       |       |     1 ||     1
       Fruit             |       |     1 ||     1
Armor: Leather armour    |    20 |    62 ||    82
Dodge: Dodged            |    50 |   117 ||   167
       Rpst.: Falchion   |    16 |    10 ||    26
       Long sword        |       |    18 ||    18
